Map: Fracture EC

Players

harstem

  • Race: Protoss Protoss
  • Spawn Location: 11:00

Denver - Winner!

  • Race: Zerg Zerg
  • Spawn Location: 5:00

Event: WCS Montreal 2018

VOD

Have the link to the VOD?

Description

Time

  • Played on: Sept. 7, 2018, 1:36 p.m.
  • Length: 10:48

All games in this series

Show
View Real Time Build Order
Export as new Build Order

harstem Protoss 

Build Orders: 1 Gate Expand, Oracle Opening, Phoenix Opening 

Get SALT Encoding   

  12  0:01  Probe  
  13  0:13  Probe  
  14  0:17  Pylon  
  14  0:25  Probe  
  15  0:33  Probe  
  15  0:41  Probe  
  16  0:45  Gateway  
  16  0:48  Assimilator  
  17  0:51  Probe  
  18  1:03  Probe  
  19  1:15  Probe  
  20  1:26  Nexus  
  20  1:36  Cybernetics Core  
  20  1:39  Probe  
  21  1:46  Assimilator  
  21  1:51  Probe  
  22  1:54  Pylon  
  22  2:03  Probe  
  22  2:05  Adept  
  26  2:15  Probe  
  26  2:21  Stargate  
  26  2:25  Adept  
  26  2:27  Probe  
  27  2:30  Warp Gate  
  29  2:39  Probe x2  
  31  2:51  Adept, Probe  
  31  2:52  Probe  
  31  2:57  Phoenix  
  35  3:03  Probe  
  35  3:04  Probe  
  39  3:13  Oracle  
  39  3:15  Probe  
  39  3:16  Probe  
  41  3:22  Pylon  
  44  3:27  Probe  
  44  3:28  Probe  
  46  3:40  Probe  
  48  3:42  Gateway x2  
  48  3:45  Twilight Council  
  48  3:48  Probe  
  48  3:52  Probe  
  48  3:55  Resonating Glaives  
  49  3:59  Pylon, Assimilator  
  49  4:00  Probe  
  50  4:04  Probe  
  51  4:11  Pylon  
  51  4:12  Probe  
  51  4:16  Probe  
  53  4:23  Pylon  
  53  4:24  Probe  
  53  4:28  Assimilator, Probe  
  55  4:34  Adept  
  55  4:36  Probe  
  58  4:40  Probe  
  58  4:42  Adept  
  58  4:43  Adept  
  63  4:54  Probe  
  63  4:58  Adept  
  66  5:04  Adept x2  
  70  5:08  Nexus  
  70  5:11  Pylon  
  70  5:13  Probe  
  71  5:14  Robotics Facility, Probe  
  72  5:25  Probe  
  72  5:28  Robotics Facility, Sentry  
  73  5:32  Forge  
  75  5:40  Probe  
  77  5:42  Probe  
  77  5:45  Void Ray  
  75  5:51  Immortal  
  75  5:52  Probe  
  75  5:55  Probe  
  75  5:58  Stalker x2, Sentry  
  75  6:03  Shield Battery  
  75  6:04  Probe  
  76  6:09  Immortal  
  76  6:12  Probe  
  76  6:13  Shield Battery  
  77  6:22  Adept x3  
  81  6:27  Probe  
  81  6:29  Pylon  
  81  6:33  Immortal  
  84  6:45  Adept  
  84  6:46  Adept x2  
  90  6:47  Shield Battery  
  90  6:48  Probe  
  90  6:49  Pylon  
  90  6:51  Probe  
  90  6:53  Probe  
  86  7:00  Probe  
  84  7:01  Shield Battery  
  84  7:07  Adept x3  
  78  7:09  Immortal  
  78  7:12  Probe  
  71  7:29  Immortal, Sentry, Adept x2  
  72  7:31  Pylon  
  72  7:36  Pylon  
  72  7:38  Pylon  
  64  7:49  Gateway  
  64  7:51  Gateway  
  64  7:53  Adept x2  
  67  8:01  Probe  
  67  8:05  Probe x2  
  60  8:22  Zealot  
  60  8:23  Zealot x2  
  60  8:26  Probe  
  65  8:30  Probe  
  64  8:38  Probe  
  64  8:40  Oracle  
  61  8:42  Probe, Zealot  
  61  8:44  Zealot  
  61  8:51  Zealot  
  60  9:00  Zealot  
  55  9:05  Zealot  
  55  9:07  Probe  
  58  9:14  Zealot  
  58  9:24  Zealot  
  60  9:25  Zealot  
  53  9:34  Zealot x2  
  52  9:44  Probe  
  52  9:45  Probe  
  50  9:50  Zealot x2  
  53  9:58  Zealot  
  55  10:00  Zealot  
  55  10:04  Zealot  
  57  10:08  Probe  
  57  10:12  Zealot  
  57  10:18  Zealot  
  57  10:19  Cybernetics Core  
  57  10:21  Phoenix  
  58  10:23  Probe  
  58  10:24  Probe  
Show
View Real Time Build Order
Export as new Build Order

Denver Zerg - Winner!

Build Orders: Hatch First 

Get SALT Encoding   

  12  0:00  Drone  
  13  0:09  Drone  
  14  0:19  Extractor  
  14  0:20  Drone  
  15  0:21  Overlord  
  15  0:45  Hatchery  
  15  0:48  Drone  
  15  0:51  Drone  
  15  0:55  Drone  
  17  1:02  Drone  
  18  1:09  Extractor  
  17  1:17  Spawning Pool  
  16  1:20  Drone  
  16  1:24  Drone  
  18  1:31  Drone  
  19  1:42  Overlord  
  19  1:56  Drone  
  20  2:04  Queen x2  
  20  2:05  Zergling x4  
  26  2:09  Metabolic Boost  
  26  2:15  Drone  
  27  2:16  Drone  
  27  2:20  Drone  
  29  2:37  Hatchery  
  29  2:40  Drone  
  29  2:42  Drone  
  29  2:44  Drone  
  31  2:46  Drone  
  32  2:53  Overlord  
  32  2:55  Drone  
  33  2:59  Drone  
  34  3:06  Drone  
  34  3:10  Queen  
  37  3:14  Drone x3  
  37  3:17  Overlord  
  40  3:20  Drone  
  40  3:22  Drone  
  40  3:25  Drone  
  42  3:28  Overlord  
  42  3:31  Drone  
  42  3:32  Drone  
  44  3:36  Overlord  
  44  3:41  Queen  
  44  3:44  Overlord  
  46  3:49  Overlord  
  46  3:51  Drone x2  
  46  3:54  Drone  
  49  3:56  Drone x2  
  49  3:59  Drone  
  49  4:01  Spore Crawler  
  51  4:03  Spore Crawler  
  51  4:07  Zergling x4  
  51  4:09  Spore Crawler  
  50  4:10  Drone  
  50  4:15  Spore Crawler  
  49  4:18  Drone, Evolution Chamber  
  49  4:21  Zergling x4  
  52  4:24  Lair  
  52  4:25  Drone  
  52  4:30  Roach Warren  
  52  4:32  Drone  
  52  4:33  Drone  
  52  4:34  Drone  
  52  4:35  Drone  
  52  4:36  Drone  
  59  4:38  Drone  
  59  4:41  Queen  
  61  4:48  Queen  
  61  4:49  Drone x2  
  61  4:51  Overlord  
  63  5:02  Overlord  
  63  5:04  Drone x5  
  67  5:07  Extractor x2  
  67  5:12  Overlord  
  65  5:14  Spore Crawler  
  65  5:16  Queen, Roach x2  
  65  5:21  Roach x3  
  74  5:22  Zergling x2  
  74  5:23  Zergling x2  
  74  5:26  Zergling x4  
  74  5:27  Zergling x2  
  79  5:31  Zergling x6  
  82  5:42  Zergling x6  
  69  5:51  Roach  
  69  5:52  Roach x5  
  75  5:57  Drone  
  75  5:58  Drone x2  
  75  6:02  Glial Reconstitution  
  78  6:06  Roach x2  
  82  6:17  Zergling x2  
  82  6:18  Zergling x8  
  84  6:21  Queen  
  84  6:24  Roach  
  86  6:30  Zergling x8  
  85  6:35  Zergling x2  
  85  6:36  Zergling x4  
  88  6:41  Ravager x2  
  88  6:42  Zergling x6  
  88  6:46  Zergling x2  
  88  6:55  Zergling x2  
  88  6:56  Zergling x4, Queen x2  
  89  7:04  Zergling x2  
  89  7:05  Zergling x4  
  89  7:13  Zergling x4  
  85  7:16  Queen, Ravager x2  
  85  7:18  Zergling x2  
  83  7:31  Queen  
  83  7:36  Zergling x2  
  83  7:37  Zergling x10, Queen  
  83  7:46  Zergling x4  
  83  7:49  Zergling x2  
  84  7:52  Queen  
  86  8:01  Zergling x2  
  86  8:02  Zergling x8  
  89  8:10  Queen  
  91  8:13  Zergling x2  
  91  8:15  Queen  
  89  8:20  Drone x5  
  93  8:27  Queen  
  93  8:28  Spire  
  91  8:39  Zergling x10  
  88  8:43  Zergling x2  
  88  8:47  Zergling x2  
  88  8:52  Extractor  
  88  8:53  Extractor, Zergling x12  
  84  8:58  Zergling x2  
  84  8:59  Zergling x2  
  81  9:04  Drone x2  
  81  9:09  Drone  
  80  9:13  Hatchery  
  80  9:14  Zergling x2  
  76  9:21  Drone x10  
  85  9:30  Zergling x2  
  78  9:33  Zergling x4, Queen  
  76  9:40  Zergling x2, Queen  
  79  9:46  Mutalisk  
  79  9:47  Mutalisk x3  
  86  9:53  Mutalisk x2  
  86  9:57  Zergling x4  
  86  9:58  Zergling x2  
  93  10:03  Zergling x2  
  93  10:04  Zergling x6  
  93  10:06  Zergling x2  
  97  10:11  Overlord  
  95  10:18  Hydralisk Den  
  95  10:19  Mutalisk  
  93  10:22  Zergling x10  
  93  10:24  Overlord  
Tags
 
Add a new tag
Caveats
  • Supply blocks, unpowered buildings, or Contaminate may cause inaccurate times.
  • Supply counts are checked every 10 seconds.